 Dungeon Crawl Stone Soup version 0.20.1-1-g8b1a95d (webtiles) character file.

5098 theAP the Geomancer (level 10, -8/60 HPs)
             Began as a Gargoyle Earth Elementalist on Sept 2, 2017.
             Was a Priest of Vehumet.
             Mangled by Grum
             ... wielding a -2 spear of distortion
              (14 damage)
             ... on level 9 of the Dungeon.
             The game lasted 00:29:31 (8021 turns).

theAP the Geomancer (Gargoyle Earth Elementalist)   Turns: 8021, Time: 00:29:31

Health: -8/60      AC: 14    Str: 13    XL:     10   Next: 57%
Magic:  7/27       EV: 12    Int: 20    God:    Vehumet [***...]
Gold:   408        SH:  0    Dex: 13    Spells: 13/22 levels left

rFire    . . .     SeeInvis .   F - +4 Vampire's Tooth {vamp}
rCold    . . .     Gourm    .   (no shield)
rNeg     + . .     Faith    .   c - +1 robe
rPois    ∞         Spirit   .   (no helmet)
rElec    +         Reflect  .   (no cloak)
rCorr    .         Harm     .   r - +0 pair of gloves {Dex+3}
MR       .....     Clarity  +   b - +2 pair of boots
Stlth    ++........             (no amulet)
Regen    0.2/turn               M - ring of magical power
MPRegen  0.2/turn               y - +4 ring of intelligence

@: no status effects
A: clarity, dopey 1, low mp 1, negative energy resistance 1, sense surroundings
1, electricity resistance, unbreathing, petrification resistance, rot immunity,
AC +7
a: Renounce Religion


You were on level 9 of the Dungeon.
You worshipped Vehumet.
Vehumet was most pleased with you.
You were not hungry.

You visited 2 branches of the dungeon, and saw 10 of its levels.

You collected 408 gold pieces.

Inventory:

Hand Weapons
 a - a -2 flail
 n - a +0 flail
 D - a +0 club
 F - the +4 Vampire's Tooth (weapon) {vamp}
   (You found it on level 4 of the Dungeon)

   It inflicts no extra harm, but heals its wielder when it wounds a living foe.
Missiles
 C - 22 stones (quivered)
Armour
 b - a +2 pair of boots (worn)
 c - a +1 robe (worn)
 j - a +0 large shield
 r - a +0 pair of gloves of dexterity (worn)
 G - a +0 pair of gloves
Jewellery
 g - an uncursed ring of protection from magic
 y - a +4 ring of intelligence (right hand)
 H - an uncursed ring of teleportation
 I - an uncursed amulet of rage
 M - a ring of magical power (left hand)
Wands
 v - a wand of iceblast (15/15)
 L - a wand of random effects (20/48)
Scrolls
 f - 3 scrolls of random uselessness
 h - a scroll of recharging
 k - 5 scrolls of remove curse
 m - 2 scrolls of fear
 o - 3 scrolls of fog
 p - 4 scrolls of teleportation
 s - 3 scrolls of magic mapping
Potions
 l - 2 potions of flight
 q - 2 potions of brilliance
 t - 2 potions of degeneration
 x - a potion of ambrosia
 A - a potion of berserk rage
 B - 2 potions of might
 K - a potion of lignification
 P - 2 potions of agility
Books
 e - a book of Geomancy

   Spells                             Type                      Level
   a - Sandblast                      Earth                        1
   b - Passwall                       Transmutation/Earth          2
   c - Stone Arrow                    Conjuration/Earth            3
   d - Petrify                        Transmutation/Earth          4
   e - Lee's Rapid Deconstruction     Earth                        5
 E - a book of Battle

   Spells                             Type                      Level
   a - Infusion                       Charms                       1
   b - Shroud of Golubria             Charms/Translocation         2
   c - Song of Slaying                Charms                       2
   d - Spectral Weapon                Hexes/Charms                 3
   e - Regeneration                   Charms/Necromancy            3
Comestibles
 d - 4 bread rations
 u - 7 meat rations
 J - 4 royal jellies


   Skills:
 + Level 6.3 Fighting
 + Level 6.0 Maces & Flails
 - Level 1.5 Dodging
 - Level 2.1 Stealth
 + Level 6.9 Spellcasting
 + Level 7.4 Conjurations
   Level 0.7 Transmutations
 + Level 9.5 Earth Magic
 + Level 2.4 Evocations


You had 13 spell levels left.
You knew the following spells:

 Your Spells              Type           Power        Failure   Level  Hunger
a - Sandblast             Erth           #####.       1%          1    None
b - Stone Arrow           Conj/Erth      #####.       1%          3    #......
c - Lee's Rapid Deconstr  Erth           #####.....   1%          5    #####..


Dungeon Overview and Level Annotations

Branches:
Dungeon (9/15)             Temple (1/1) D:4            Lair (0/6) D:8
    Orc (0/2) D:9

Altars:
Dithmenos
Elyvilon
Fedhas
Gozag
Hepliaklqana
Kikubaaqudgha
Makhleb
Nemelex Xobeh
Okawaru
Qazlal
Ru
Vehumet
Xom
Yredelemnul
Zin
The Shining One

Annotations:
D:9 Grum


Innate Abilities, Weirdness & Mutations

You are resistant to torment.
Your stone body is resilient. (AC +7)
You are immune to poison.
You resist negative energy. (rN+)
You are resistant to electric shocks. (rElec)
You can survive without breathing.
You are immune to petrification.
You are immune to rotting.
You possess an exceptional clarity of mind.
You are dopey. (Int -2)
Your magical capacity is low. (-10% MP)
You passively map a small area around you.


Message History

You feel your power returning.
Your Maces & Flails skill increases to level 6!
Grum closely misses you.
Casting: Stone Arrow
Confirm with . or Enter, or press ? or * to list all spells.
Aiming: Stone Arrow
Press: ? - help, Shift-Dir - straight line, f/p - Grum
Aim: Grum, wielding a spear of distortion and wearing an animal skin (moderately wounded)
The stone arrow hits Grum.
Grum is heavily wounded.
Grum misses you.
Casting: Stone Arrow
Confirm with . or Enter, or press ? or * to list all spells.
Aiming: Stone Arrow
Press: ? - help, Shift-Dir - straight line, f/p - Grum
Aim: Grum, wielding a spear of distortion and wearing an animal skin (heavily wounded)
The stone arrow hits Grum.
Grum is severely wounded.
Grum hits you but does no damage. Space warps horribly around you!
You die...

#.# , #.# *,
#####.##################.#
*
..................>......#
*
#####.#####.######.#######
#.# #.# #..##* , #
#.#####.#####.#.# #.#,
#.........#..##.#* #..## ,
#######.####@#..##......,
,, #.# ##†###..###.# * * *
* ,*#.# #.g...##.#..#. ,
,, ** #.# ##...##.#....# ,
* * #.# #........## , #.#
###..)#.#.. ,, *.#
#....##.###. ,
#...>....... , *
#####..##.#.


You could see Grum.

Vanquished Creatures
  The ghost of Fingolfin the Transmogrifier, a novice NaTm of Cheibriados (D:5)
  A manticore (D:8)
  A komodo dragon (D:8)
  A hornet (D:8)
  Sigmund (D:3)
  A wraith (D:9)
  A human (D:7)
  4 hogs (D:7)
  A hungry ghost (D:9)
  A water moccasin (D:8)
  2 black bears
  2 phantoms
  3 ogres
  3 wolves (D:9)
  2 centaurs
  A big kobold (D:4)
  4 bullfrogs
  A scorpion (D:4)
  A troll zombie (D:9)
  2 vampire bats (D:4)
  2 howler monkeys (D:7)
  A bullfrog zombie (D:6)
  5 crimson imps
  A jelly (D:7)
  A quasit (D:6)
  3 orc priests
  A centaur skeleton (D:4)
  2 hounds
  A bullfrog skeleton (D:5)
  2 iguanas
  Ijyb (D:2)
  5 orc wizards
  5 worker ants
  5 ogre zombies (D:9)
  10 adders
  2 shadow imps
  3 worms
  5 dart slugs
  8 leopard geckos
  11 orcs
  6 giant cockroaches
  12 goblins
  6 hobgoblins
  3 jackals (D:2)
  5 quokkas
  3 ball pythons
  13 bats
  4 frilled lizards
  2 goblin skeletons (D:9)
  3 goblin zombies (D:9)
  A hobgoblin skeleton (D:9)
  A hobgoblin zombie (D:9)
  11 kobolds
  3 orc skeletons (D:9)
  9 orc zombies (D:9)
  4 rats
194 creatures vanquished.

Vanquished Creatures (others)
  2 plants (D:8)
2 creatures vanquished.

Grand Total: 196 creatures vanquished

Notes
Turn   | Place    | Note
-------+----------+-------------------------------------------
     0 | D:1      | theAP the Gargoyle Earth Elementalist began the quest for the Orb.
     0 | D:1      | Reached XP level 1. HP: 10/10 MP: 3/3
   528 | D:1      | Reached XP level 2. HP: 15/15 MP: 3/5
   634 | D:1      | Reached skill level 4 in Earth Magic
   947 | D:1      | Reached XP level 3. HP: 19/19 MP: 4/7
  1047 | D:1      | Learned a level 3 spell: Stone Arrow
  1228 | D:2      | Reached skill level 1 in Conjurations
  1244 | D:2      | Reached XP level 4. HP: 22/24 MP: 0/8
  1339 | D:2      | Noticed Ijyb
  1436 | D:2      | Killed Ijyb
  1915 | D:3      | Reached XP level 5. HP: 28/28 MP: 6/10
  2057 | D:3      | Reached skill level 5 in Earth Magic
  2645 | D:3      | Reached XP level 6. HP: 32/32 MP: 9/11
  2691 | D:3      | Noticed Sigmund
  2716 | D:3      | Killed Sigmund
  2716 | D:3      | Reached skill level 6 in Earth Magic
  3383 | D:4      | Reached XP level 7. HP: 36/36 MP: 5/13
  3472 | D:4      | Reached skill level 1 in Maces & Flails
  3559 | D:4      | Found a staircase to the Ecumenical Temple.
  3577 | Temple   | Entered the Ecumenical Temple
  3629 | Temple   | Became a worshipper of Vehumet
  3890 | D:4      | Reached skill level 1 in Fighting
  4113 | D:5      | Entered Level 5 of the Dungeon
  4474 | D:5      | Noticed Fingolfin's ghost (novice NaTm)
  4485 | D:5      | Killed Fingolfin's ghost
  4485 | D:5      | Reached skill level 5 in Spellcasting
  4485 | D:5      | Reached skill level 7 in Earth Magic
  4485 | D:5      | Reached XP level 8. HP: 45/45 MP: 0/15
  4492 | D:5      | Learned a level 5 spell: Lee's Rapid Deconstruction
  4560 | D:5      | Reached skill level 5 in Conjurations
  4971 | D:6      | Gained mutation: You possess an exceptional clarity of mind. [potion of mutation]
  4971 | D:6      | Gained mutation: You are dopey. (Int -2) [potion of mutation]
  4971 | D:6      | Gained mutation: Your magical capacity is low. (-10% MP) [potion of mutation]
  4971 | D:6      | Gained mutation: You passively map a small area around you. [potion of mutation]
  5049 | D:6      | Reached * piety under Vehumet
  5049 | D:6      | Offered knowledge of Flame Tongue by Vehumet.
  5281 | D:6      | Reached XP level 9. HP: 52/52 MP: 12/15
  5469 | D:6      | Reached skill level 8 in Earth Magic
  5951 | D:7      | Reached skill level 5 in Fighting
  5952 | D:7      | Reached ** piety under Vehumet
  5952 | D:7      | Offered knowledge of Shock by Vehumet.
  5952 | D:7      | Reached skill level 5 in Maces & Flails
  6792 | D:8      | Reached XP level 10. HP: 59/59 MP: 17/17
  6824 | D:8      | Reached skill level 9 in Earth Magic
  6985 | D:8      | Reached skill level 1 in Evocations
  7045 | D:8      | Noticed a manticore
  7055 | D:8      | Killed a manticore
  7209 | D:8      | Found a staircase to the Lair.
  7819 | D:9      | Offered knowledge of Throw Frost by Vehumet.
  7938 | D:9      | Found a staircase to the Orcish Mines.
  7984 | D:9      | Noticed Grum
  7998 | D:9      | Reached *** piety under Vehumet
  8021 | D:9      | Mangled by Grum

Skill      XL: |  1  2  3  4  5  6  7  8  9 10 |
---------------+-------------------------------+-----
Earth Magic    | 4 5 6 7 8 9 |  9.5
Spellcasting   | 3 4 5 6 |  6.9
Conjurations   | 1 2 3 4 5 6 7 |  7.4
Maces & Flails | 2 3 5 6 |  6.0
Fighting       | 2 3 5 6 |  6.3
Evocations     | 2 |  2.4
Dodging        | |  1.5
Stealth        | |  2.1
Transmutations | |  0.7

Action                   |  1- 3 |  4- 6 |  7- 9 | 10-12 || total
-------------------------+-------+-------+-------+-------++-------
Melee: Unarmed           |    10 |    83 |       |       ||    93
       Flail             |       |    16 |       |       ||    16
       Dagger            |       |       |     1 |    28 ||    29
 Cast: Sandblast         |    40 |    67 |    81 |    27 ||   215
       Stone Arrow       |       |    24 |    50 |    51 ||   125
       Lee's Rapid Decon |       |       |     3 |     3 ||     6
  Use: Potion            |       |     1 |     1 |     2 ||     4
       Scroll            |       |    10 |    12 |     1 ||    23
  Eat: Chunk             |     1 |     9 |    11 |     2 ||    23
       Fruit             |       |       |     2 |     4 ||     6
       Bread ration      |       |       |     1 |       ||     1
Armor: Robe              |     6 |    47 |    26 |    35 ||   114
Dodge: Dodged            |    14 |    71 |    31 |    48 ||   164
